 Dungeon Crawl Stone Soup version 0.21.1-1-g345015fe64 (webtiles) character file.

537 Htamos the Chopper (level 7, -7/57 HPs)
             Began as a Minotaur Berserker on July 6, 2018.
             Was an Elder of Trog.
             Mangled by Prince Ribbit (14 damage)
             ... on level 5 of the Dungeon.
             The game lasted 00:16:25 (4890 turns).

Htamos the Chopper (Minotaur Berserker)             Turns: 4890, Time: 00:16:25

Health: -7/57      AC:  8    Str: 24    XL:     7   Next: 5%
Magic:  6/6        EV:  8    Int:  4    God:    Trog [****..]
Gold:   203        SH:  0    Dex:  9    Spells: 6/6 levels left

rFire    . . .     SeeInvis .   x - +0 great mace
rCold    + . .     Gourm    .   (shield currently unavailable)
rNeg     . . .     Faith    .   s - +0 chain mail
rPois    .         Spirit   .   (helmet restricted)
rElec    .         Reflect  .   (no cloak)
rCorr    .         Harm     .   (no gloves)
MR       .....                  (no boots)
Stlth    ..........             (no amulet)
HPRegen  0.19/turn              o - ring of protection from cold
MPRegen  0.10/turn              v - ring of flight

@: no status effects
A: retaliatory headbutt, horns 2
a: Berserk, Trog's Hand, Brothers in Arms, Burn Spellbooks, Renounce Religion,
Evoke Flight


You were on level 5 of the Dungeon.
You worshipped Trog.
Trog was greatly pleased with you.
You were not hungry.

You visited 1 branch of the dungeon, and saw 5 of its levels.
You also visited: Sewer.

You collected 203 gold pieces.

Inventory:

Hand Weapons
 a - a +0 hand axe
 k - a +3 hunting sling
 x - a +0 great mace (weapon)
Missiles
 n - 131 stones (quivered)
 q - 38 arrows
Armour
 s - a +0 chain mail (worn)
Jewellery
 i - an uncursed amulet of faith
 o - a ring of protection from cold (left hand)
 p - an uncursed ring of resist corrosion
 t - an uncursed amulet of magic regeneration {unknown}
 v - a ring of flight (right hand)
 C - an uncursed amulet of magic regeneration {unknown}
Wands
 l - a wand of iceblast (12)
 u - a wand of flame (34)
 y - a wand of paralysis (14)
Scrolls
 b - a scroll of fear {unknown}
 d - 2 scrolls of identify
 e - 8 scrolls of teleportation
 f - 2 scrolls of remove curse
 r - a scroll of amnesia
 w - a scroll of fog
Potions
 g - 4 potions of mutation {unknown}
 h - 2 potions of flight {unknown}
 j - 7 potions of curing {unknown}
 m - 2 potions of haste {unknown}
 z - a potion of agility {unknown}
 A - 2 potions of magic {unknown}
 B - a potion of lignification {unknown}
 D - a potion of heal wounds {unknown}
Comestibles
 c - 5 rations


   Skills:
 - Level 3.6 Fighting
 - Level 7.5(8.4) Axes
 * Level 5.9(7.6) Maces & Flails
 - Level 2.4 Armour
 - Level 2.1 Dodging


You had 6 spell levels left.
You didn't know any spells.

Dungeon Overview and Level Annotations

Branches:
Dungeon (5/15)
 Temple: D:4-7

Altars:
Cheibriados
Fedhas
Gozag
Nemelex Xobeh
Ru
Sif Muna
Uskayaw
Vehumet
Xom
Zin
The Shining One

Annotations:
D:5 Prince Ribbit


Innate Abilities, Weirdness & Mutations

You reflexively headbutt those who attack you in melee.
You have a pair of horns on your head.


Message History

Prince Ribbit closely misses you. Prince Ribbit completely misses you.
Prince Ribbit hits you but does no damage.
Prince Ribbit hits you but does no damage.
Prince Ribbit lets out a mournful croak.
Prince Ribbit hits you! The worm bites you.
You closely miss Prince Ribbit. Prince Ribbit barely misses you.
You furiously retaliate!
You headbutt Prince Ribbit, but do no damage.
Prince Ribbit hits you!
* * * LOW HITPOINT WARNING * * *
You miss Prince Ribbit. You headbutt Prince Ribbit.
Prince Ribbit is lightly wounded.
Prince Ribbit hits you!
* * * LOW HITPOINT WARNING * * *
Prince Ribbit barely misses you. The worm bites you but does no damage.
You closely miss Prince Ribbit. Your headbutt misses Prince Ribbit.
Prince Ribbit is lightly wounded.
Prince Ribbit hits you!
You die...

#######....### #.#.#####
)............# #.......#
###........#.###...#.#.##+#
...........+...............
###........###.#...........
#........# #.#...........
#....#...# #.#...........#
####.#...###.#.F....##.[.#
. #..........@w.........#
.. ##.######.#####.###...#
### #.. #.#...........#
#..# #.#.###.###...# #...
##.#.......#...# .....
.....###.###...######
...........................
...................########
......................


You could see Prince Ribbit and a worm.

Vanquished Creatures
  An ogre (D:4)
  A crimson imp (D:5)
  A centaur zombie (D:5)
  A hound (D:3)
  A bullfrog skeleton (D:5)
  A centaur skeleton (D:4)
  Terence (D:3)
  2 worker ants (D:4)
  An orc wizard (D:3)
  A hound skeleton (D:4)
  6 adders
  5 worms
  2 dart slugs
  3 leopard geckos
  9 orcs
  3 ball pythons
  7 bats
  4 giant cockroaches
  7 goblins
  10 hobgoblins
  11 jackals
  14 kobolds
  2 quokkas (D:3)
  A ball python skeleton (D:5)
  9 frilled lizards
  A quokka skeleton (D:4)
  9 rats
  A plant (Sewer)
115 creatures vanquished.

Vanquished Creatures (others)
  A plant (Sewer)
1 creature vanquished.

Grand Total: 116 creatures vanquished

Notes
Turn   | Place    | Note
-------+----------+-------------------------------------------
     0 | D:1      | Htamos the Minotaur Berserker began the quest for the Orb.
     0 | D:1      | Reached XP level 1. HP: 19/19 MP: 0/0
    43 | D:1      | Found an opulent altar of Gozag.
   117 | D:1      | Reached skill level 4 in Axes
   140 | D:1      | Reached XP level 2. HP: 23/26 MP: 1/1
   585 | D:1      | Found a shimmering altar of Xom.
   585 | D:1      | Found an opulent altar of Gozag.
   587 | D:1      | Found a glowing golden altar of the Shining One.
   587 | D:1      | Found a glowing silver altar of Zin.
   587 | D:1      | Found a hide-covered altar of Uskayaw.
   656 | D:2      | Reached skill level 5 in Axes
   656 | D:2      | Reached XP level 3. HP: 22/31 MP: 2/2
   763 | D:2      | Found a radiant altar of Vehumet.
   852 | D:2      | Reached ** piety under Trog
  1111 | D:2      | Found a blossoming altar of Fedhas.
  1141 | D:2      | Reached XP level 4. HP: 38/39 MP: 3/3
  1206 | D:2      | Found a sparkling altar of Nemelex Xobeh.
  1230 | D:2      | Reached skill level 6 in Axes
  1238 | D:2      | Found a snail-covered altar of Cheibriados.
  1482 | D:3      | Found a deep blue altar of Sif Muna.
  1739 | D:3      | Found a faded altar of an unknown god.
  1757 | D:3      | Reached *** piety under Trog
  1865 | D:3      | Noticed Terence
  1874 | D:3      | Killed Terence
  1874 | D:3      | Reached skill level 7 in Axes
  1874 | D:3      | Reached XP level 5. HP: 45/45 MP: 4/4
  2214 | D:3      | Found a sacrificial altar of Ru.
  2607 | D:4      | Reached skill level 1 in Maces & Flails
  2701 | D:4      | Noticed an ogre
  2708 | D:4      | Killed an ogre
  2708 | D:4      | Reached XP level 6. HP: 30/51 MP: 5/5
  2860 | D:4      | Found a glowing drain.
  2889 | Sewer    | Entered a sewer
  2982 | Sewer    | Reached **** piety under Trog
  3709 | D:4      | Paralysed by fainting for 11 turns
  3901 | D:4      | Reached skill level 5 in Maces & Flails
  4156 | D:5      | Entered Level 5 of the Dungeon
  4189 | D:5      | Reached XP level 7. HP: 57/57 MP: 6/6
  4200 | D:5      | Noticed Prince Ribbit
  4796 | D:5      | Paralysed by fainting for 9 turns
  4890 | D:5      | Mangled by Prince Ribbit

Skill      XL: |  1  2  3  4  5  6 |
---------------+-------------------+-----
Axes           | 4 5 7 |  7.5
Maces & Flails | 3 5 |  5.9
Fighting       | |  3.6
Armour         | |  2.4
Dodging        | |  2.1

Action                   |  1- 3 |  4- 6 |  7- 9 || total
-------------------------+-------+-------+-------++-------
Melee: Hand axe          |    73 |    80 |       ||   153
       Headbutt          |     9 |    32 |     2 ||    43
       Great mace        |       |   108 |    23 ||   131
  Use: Scroll            |       |     9 |       ||     9
  Eat: Chunk             |       |     7 |       ||     7
       Ration            |       |     1 |     1 ||     2
Armor: Animal skin       |    18 |       |       ||    18
       Ring mail         |     2 |     6 |       ||     8
       Chain mail        |       |    89 |    14 ||   103
Dodge: Dodged            |    49 |    68 |    12 ||   129
